 Dungeon Crawl Stone Soup version 0.21.1-1-g345015f (webtiles) character file.

274 xccam the Ruffian (level 6, -6/59 HPs)
             Began as a Troll Monk on Feb 11, 2018.
             Mangled by a gnoll
             ... wielding a +0 halberd
              (12 damage)
             ... on level 4 of the Dungeon.
             The game lasted 00:06:06 (1951 turns).

xccam the Ruffian (Troll Monk)                      Turns: 1951, Time: 00:06:08

Health: -6/59      AC:  5    Str: 22      XL:     6   Next: 3%
Magic:  5/5        EV: 10    Int:  5 (6)  God:
Gold:   205        SH:  0    Dex: 10 (12) Spells: 5/5 levels left

rFire    + . .     SeeInvis .     - Unarmed
rCold    x . .     Gourm    +   (no shield)
rNeg     . . .     Faith    .   g - +0 robe
rPois    .         Spirit   .   (helmet restricted)
rElec    .         Reflect  .   (no cloak)
rCorr    .         Harm     .   (gloves unavailable)
MR       .....                  (boots unavailable)
Stlth    +.........             (no amulet)
HPRegen  0.59/turn              d - ring of fire
MPRegen  0.09/turn              (no ring)

@: no status effects
A: large, unfitting armour, claws 3, fast metabolism 3, gourmand, regeneration
1, shaggy fur 1, tough skin 2
a: no special abilities


You were on level 4 of the Dungeon.
You were very full.

You visited 1 branch of the dungeon, and saw 4 of its levels.

You collected 205 gold pieces.

Inventory:

Armour
 g - a +0 robe (worn)
Jewellery
 d - a ring of fire (left claw)
Scrolls
 a - a scroll of teleportation
 e - 3 scrolls of magic mapping
Potions
 f - a potion of flight
 h - 3 potions of heal wounds
 j - 3 potions of curing
Comestibles
 b - 8 rations


   Skills:
 - Level 2.4 Fighting
 - Level 2.4 Dodging
 - Level 1.0 Stealth
 + Level 6.8 Unarmed Combat


You had 5 spell levels left.
You didn't know any spells.

Dungeon Overview and Level Annotations

Branches:
Dungeon (4/15)
 Temple: D:4-7

Altars:


Innate Abilities, Weirdness & Mutations

You are too large for most types of armour.
You have claws for hands.
Your metabolism is lightning-fast.
You like to eat raw meat.
Your natural rate of healing is unusually fast.
You are covered in fur. (AC +1)
You have very tough skin. (AC +2)


Message History

The gnoll hits you from afar with a halberd!
The gnoll hits you from afar with a halberd.
The gnoll hits you with a spear.
You barely miss the gnoll. The gnoll hits you with a halberd!
The gnoll hits you but does no damage. The gnoll hits you with a spear!
* * * LOW HITPOINT WARNING * * *
You are too injured to fight recklessly!
You are too injured to fight recklessly!
You are too injured to fight recklessly!
You scratch the gnoll but do no damage.
You kill the gnoll!
You have reached level 6!
Your experience leads to an increase in your attributes!
Your base attributes are Str 20, Int 6, Dex 12.
Increase (S)trength, (I)ntelligence, or (D)exterity?
You feel stronger. x2
The gnoll hits you with a spear.
* * * LOW HITPOINT WARNING * * *
The gnoll hits you from afar with a halberd!
You die...

...# ...# ...##
######....#
##<........#
##......)...#
###.....)g....#
##......(@)....#
.##..............#
.............g...#
.......<.....#...#
.............#...#
.............# ..#
............## .#
............# .#
...........##


You could see 2 gnolls.

Vanquished Creatures
  An orc wizard (D:3)
  An orc priest (D:3)
  An iguana (D:3)
  Natasha (twice) (D:3)
  2 gnolls (D:4)
  2 adders
  An ooze (D:1)
  4 worms
  3 dart slugs
  4 leopard geckos
  4 orcs (D:3)
  A giant cockroach (D:3)
  9 goblins
  8 hobgoblins
  5 jackals (D:1)
  7 bats
  4 frilled lizards
  8 kobolds
  18 rats
85 creatures vanquished.

Notes
Turn   | Place    | Note
-------+----------+-------------------------------------------
     0 | D:1      | xccam the Troll Monk began the quest for the Orb.
     0 | D:1      | Reached XP level 1. HP: 22/22 MP: 0/0
   154 | D:1      | Reached XP level 2. HP: 29/29 MP: 1/1
   466 | D:1      | Reached skill level 4 in Unarmed Combat
   503 | D:1      | Reached XP level 3. HP: 36/36 MP: 2/2
  1038 | D:2      | Reached XP level 4. HP: 30/44 MP: 3/3
  1187 | D:2      | Reached skill level 5 in Unarmed Combat
  1516 | D:3      | Reached XP level 5. HP: 42/50 MP: 4/4
  1520 | D:3      | Reached skill level 6 in Unarmed Combat
  1613 | D:3      | Noticed Natasha
  1619 | D:3      | Killed Natasha
  1894 | D:3      | Noticed Natasha
  1902 | D:3      | Killed Natasha
  1951 | D:4      | Reached XP level 6. HP: 9/59 MP: 5/5
  1951 | D:4      | Mangled by a gnoll

Skill      XL: |  1  2  3  4  5 |
---------------+----------------+-----
Unarmed Combat | 4 5 6 |  6.8
Fighting       | |  2.4
Dodging        | |  2.4
Stealth        | |  1.0

Action                   |  1- 3 |  4- 6 || total
-------------------------+-------+-------++-------
Melee: Unarmed           |    98 |    96 ||   194
       Punch             |       |     3 ||     3
  Use: Scroll            |     3 |     4 ||     7
       Potion            |       |     4 ||     4
 Stab: Sleeping          |     2 |       ||     2
  Eat: Chunk             |    10 |    11 ||    21
Armor: Robe              |    51 |    27 ||    78
Dodge: Dodged            |    55 |    57 ||   112
